 Dungeon Crawl Stone Soup version 0.18.1-8-gdd0e5ea (webtiles) character file.

1795 deorigin the Chiller (level 8, -5/52 HPs)
             Began as a Demonspawn Ice Elementalist on May 31, 2016.
             Slain by a centaur (9 damage)
             ... on level 6 of the Dungeon.
             The game lasted 00:20:48 (8784 turns).

deorigin the Chiller (Demonspawn Ice Elementalist)  Turns: 8784, Time: 00:20:48

Health: -5/52      AC: 11    Str:  8    XL:     8   Next: 83%
Magic:  5/17       EV: 12    Int: 18    God:
Gold:   230        SH:  0    Dex: 15    Spells: 5 memorised, 5 levels left

rFire  . . .     SeeInvis +     j - +1 dagger (venom)
rCold  . . .     Gourm    .     a - +0 robe
rNeg   . . .     Faith    .     (no shield)
rPois  .         Spirit   .     (helmet restricted)
rElec  .         Dismiss  .     F - +0 cloak
rCorr  .         Reflect  .     E - +0 pair of gloves
SustAt .         Harm     .     m - +0 pair of boots (curse)
MR     .....                    (no amulet)
Stlth  ++........               (no ring)
                                f - ring of see invisible

@: icy armour, slow, not resistant to hostile enchantments, unstealthy
A: horns 1, foul stench 1, rot immunity
a: no special abilities


You were on level 6 of the Dungeon.
You were near starving.

You visited 1 branch of the dungeon, and saw 6 of its levels.

You collected 230 gold pieces.

Inventory:

Hand Weapons
 j - a +1 dagger of venom (weapon)
 D - a +0 great sword
 K - a +0 blowgun
 L - a +0 flail
Missiles
 x - 21 poisoned needles
 I - 9 tomahawks (quivered)
Armour
 a - a +0 robe (worn)
 g - a +0 ring mail
 m - a cursed +0 pair of boots (worn)
 r - a +0 leather armour
 u - a +0 helmet
 E - a +0 pair of gloves (worn)
 F - a +0 cloak (worn)
 J - a troll hide
Jewellery
 f - a ring of see invisible (left hand)
 l - a cursed ring of loudness {unknown}
Wands
 t - a wand of digging (14/24)
Scrolls
 d - a scroll of remove curse {unknown}
 e - 2 scrolls of recharging
 k - a scroll of enchant weapon {unknown}
 p - a scroll of enchant armour {unknown}
 q - 2 scrolls of teleportation {unknown}
 y - 2 scrolls of fear
 B - a scroll of magic mapping {unknown}
 C - a scroll of fog {unknown}
 G - 2 scrolls of blinking {unknown}
 H - 3 scrolls of amnesia
 M - a scroll of random uselessness {unknown}
Potions
 h - 3 potions of lignification
 i - 2 potions of invisibility {unknown}
 n - a potion of ambrosia {unknown}
 o - a potion of brilliance {unknown}
 s - 4 potions of curing
 v - a potion of might {unknown}
 w - 2 potions of haste {unknown}
 A - a potion of agility {unknown}
 N - 5 potions of degeneration {unknown}
Books
 b - a book of Frost

   Spells                             Type                      Level
   a - Freeze                         Ice                          1
   b - Throw Frost                    Conjuration/Ice              2
   c - Ozocubu's Armour               Charms/Ice                   3
   d - Throw Icicle                   Conjuration/Ice              4
   e - Summon Ice Beast               Ice/Summoning                4
Comestibles
 c - 5 bread rations
 z - 2 meat rations


   Skills:
 - Level 1.7 Dodging
 - Level 1.7 Stealth
 + Level 6.3 Spellcasting
 * Level 3.6 Conjurations
 - Level 2.6 Charms
 - Level 4.0 Summonings
 - Level 6.6 Ice Magic


You had 5 spell levels left.
You knew the following spells:

 Your Spells              Type           Power        Failure   Level  Hunger
a - Freeze                Ice            ####         1%          1    None
b - Ozocubu's Armour      Chrm/Ice       ###.....     6%          3    ##.....
c - Summon Ice Beast      Ice/Summ       ####....     17%         4    ####...
d - Throw Frost           Conj/Ice       ###...       1%          2    None
e - Throw Icicle          Conj/Ice       ###.....     17%         4    ####...


Dungeon Overview and Level Annotations

Branches:
Dungeon (6/15)
 Temple: D:4-7

Altars:
Gozag
Nemelex Xobeh
Okawaru
Pakellas
Qazlal
Xom

Shops:
D:5 (


Innate Abilities, Weirdness & Mutations

You have a pair of small horns on your head.
You may emit foul miasma when damaged in melee.
You are immune to rotting.


Message History

It bursts into flame!
The centaur shoots an arrow.
The arrow hits your ice beast! The arrow melts your ice beast.
Your ice beast dies!
An adder comes into view.
Casting: Summon Ice Beast
Confirm with . or Enter, or press ? or * to list all spells.
A chill wind blows around you.
You are near starving!
You hit the centaur.
The centaur is poisoned.
The centaur is lightly wounded.
The centaur unwields an uncursed shortbow of flaming.
It stops flaming.
The centaur hits you but does no damage.
Your ice beast hits the centaur.
Your ice beast freezes the centaur!
The howler monkey closely misses your ice beast.
The howler monkey bites your ice beast but does no damage.
You hit the centaur but do no damage.
The centaur looks even sicker.
The centaur is severely wounded.
The centaur hits you!
You die...

###.#.#..<..<##....
.....##.##.####...
#. #..#........#. .
##. #............=
..#..##.#...........
........#...).......
.........S..........
........##..Y......#
.......###Yc@.....#
....... #h####.....
##..### #.# #..#. #.
#Y# #. #. #(#### #
#.c§h# ####c# .# c.


You could see a centaur, a howler monkey, an adder and 2 friendly ice beasts.

Vanquished Creatures
  A troll (D:5)
  Sigmund (D:2)
  A hippogriff (D:6)
  An orc warrior (D:3)
  4 ogres (D:5)
  2 sky beasts (D:5)
  2 centaurs (D:5)
  A crimson imp (D:5)
  An orc priest (D:5)
  A hound (D:4)
  A centaur skeleton (D:5)
  Jessica (D:3)
  An iguana (D:3)
  2 orc wizards
  6 worker ants (D:4)
  4 gnolls (D:2)
  6 adders
  2 shadow imps
  An adder zombie (D:5)
  4 worms
  3 dart slugs (D:1)
  3 giant geckos
  9 orcs
  2 giant cockroaches
  7 goblins
  7 hobgoblins
  8 jackals
  3 quokkas
  4 ball pythons
  8 bats
  A giant cockroach zombie (D:5)
  3 giant newts
  A jackal skeleton (D:4)
  A jackal zombie (D:4)
  12 kobolds
  8 rats
  A rat zombie (D:5)
  A bush (D:2)
  A plant (D:2)
126 creatures vanquished.

Vanquished Creatures (others)
  A plant (D:2)
1 creature vanquished.

Grand Total: 127 creatures vanquished

Notes
Turn   | Place    | Note
--------------------------------------------------------------
     0 | D:1      | deorigin the Demonspawn Ice Elementalist began the quest for the Orb.
     0 | D:1      | Reached XP level 1. HP: 13/13 MP: 3/3
   287 | D:1      | Gained mutation: You are immune to rotting. [demonic ancestry]
   287 | D:1      | Reached XP level 2. HP: 19/19 MP: 3/5
  1371 | D:1      | Gained mutation: You may emit foul miasma when damaged in melee. [demonic ancestry]
  1371 | D:1      | Reached XP level 3. HP: 24/24 MP: 6/6
  1379 | D:1      | Learned a level 3 spell: Ozocubu's Armour
  1715 | D:2      | Noticed Sigmund
  2081 | D:2      | Reached skill level 1 in Charms
  2955 | D:2      | Found an oddly glowing altar of Pakellas.
  3003 | D:2      | Reached XP level 4. HP: 7/30 MP: 4/7
  3015 | D:2      | HP: 1/30 [gnoll/spear (7)]
  3678 | D:2      | Killed Sigmund
  3678 | D:2      | Reached skill level 5 in Ice Magic
  3678 | D:2      | Reached XP level 5. HP: 23/35 MP: 5/8
  3711 | D:2      | Learned a level 4 spell: Summon Ice Beast
  4072 | D:2      | Reached XP level 6. HP: 29/41 MP: 4/9
  4206 | D:2      | Learned a level 2 spell: Throw Frost
  4304 | D:3      | HP: 1/41 [shadow imp/nerve-wracking pain (10)]
  4711 | D:3      | Reached skill level 1 in Summonings
  4712 | D:3      | Noticed Jessica
  4722 | D:3      | Killed Jessica
  5616 | D:4      | Found a sparkling altar of Nemelex Xobeh.
  5797 | D:4      | Gained mutation: You have a pair of small horns on your head. [demonic ancestry]
  5797 | D:4      | Reached XP level 7. HP: 26/46 MP: 10/10
  6297 | D:4      | Found an iron altar of Okawaru.
  6619 | D:5      | Entered Level 5 of the Dungeon
  6626 | D:5      | Found Gidarch's Weapon Boutique.
  7094 | D:5      | Found a shimmering altar of Xom.
  7162 | D:5      | Noticed a troll
  7214 | D:5      | Reached XP level 8. HP: 41/52 MP: 14/14
  7554 | D:5      | Learned a level 4 spell: Throw Icicle
  7717 | D:5      | Reached skill level 5 in Spellcasting
  7902 | D:5      | Found an opulent altar of Gozag.
  7998 | D:5      | Found a stormy altar of Qazlal.
  8049 | D:5      | Killed a troll
  8784 | D:6      | Slain by a centaur

Skill      XL: |  1  2  3  4  5  6  7  8 |
---------------+-------------------------+-----
Ice Magic      | 3 5 6 |  6.6
Charms         | 1 2 |  2.6
Summonings     | 4 |  4.0
Spellcasting   | 4 6 |  6.3
Conjurations   | 3 |  3.6
Dodging        | |  1.7
Stealth        | |  1.7

Action                   |  1- 3 |  4- 6 |  7- 9 || total
-------------------------+-------+-------+-------++-------
Melee: Unarmed           |     1 |       |       ||     1
       Dagger            |   129 |   132 |   196 ||   457
       Headbutt          |       |       |    24 ||    24
 Fire: Blowgun           |       |       |    16 ||    16
Throw: Tomahawk          |       |       |     2 ||     2
 Cast: Freeze            |    28 |    20 |     4 ||    52
       Ozocubu's Armour  |     1 |     5 |    15 ||    21
       Summon Ice Beast  |       |       |     5 ||     5
  Use: Scroll            |       |       |     5 ||     5
 Stab: Sleeping          |       |     3 |     2 ||     5
  Eat: Chunk             |     3 |     7 |    10 ||    20
       Meat ration       |     1 |       |       ||     1
       Pizza             |     1 |       |       ||     1
Armor: Robe              |    26 |    46 |    69 ||   141
Dodge: Dodged            |    76 |    82 |   129 ||   287
